 Dungeon Crawl Stone Soup version 0.25.0-37-gb73750e0fb (webtiles) character file.

Game seed: 11905409301718436840

3285 Gabide the Archer (level 10, 0/74 HPs)
             Began as a Human Hunter on July 8, 2020.
             Was an Elder of Zin.
             Killed by divine providence
             ... invoked by a smoke demon
              (15 damage)
             ... on level 2 of the Abyss.
             The game lasted 00:29:18 (10105 turns).

Gabide the Archer (Human Hunter)                   Turns: 10105, Time: 00:29:19

Health: 0/74       AC: 10    Str: 17    XL:     10   Next: 20%
Magic:  10/11      EV: 27    Int: 12    God:    Zin [****..]
Gold:   67         SH:  0    Dex: 15    Spells: 9/9 levels left

rFire    . . .     SeeInvis +   a - +2 shortbow
rCold    . . .     Gourm    .   (shield currently unavailable)
rNeg     . . .     Faith    .   s - +0 ring mail (curse)
rPois    ∞         Spirit   .   (no helmet)
rElec    .         Reflect  .   A - +2 cloak of the Thief {+Fog Slay-2 SInv Stlth+}
rCorr    .         Harm     .   y - +0 pair of gloves (curse)
MR       .....                  u - +0 pair of boots
Stlth    ++++......             C - amulet of the acrobat
HPRegen  0.22/turn              i - ring of stealth
MPRegen  0.12/turn              (no ring)

@: vitalised, berserk cooldown, acrobat, slowed, lightly drained, very slow
A: no striking features
a: Recite, Vitalisation, Imprison, Donate Gold, Renounce Religion, Evoke Fog


You were on level 2 of the Abyss.
You worshipped Zin.
Zin was greatly pleased with you.
You were not hungry.

You visited 1 branch of the dungeon, and saw 9 of its levels.
You visited the Abyss 1 time.

You collected 497 gold pieces.
You spent 381 gold pieces at shops.
You donated 49 gold pieces to Zin.

Inventory:

Hand Weapons
 a - a +2 shortbow (weapon)
 g - a +1 rapier of freezing
 h - a +5 short sword
 k - the +1 mace of the Orcish Mines {flame, *Corrode rElec Int+4}
   (You found it on level 5 of the Dungeon)

   It has been specially enchanted to burn those struck by it, causing extra
   injury to most foes and up to half again as much damage against particularly
   susceptible opponents.
   It affects your intelligence (+4).
   It insulates you from electricity.
   It may corrode you when you take damage.
Missiles
 d - 109 arrows (quivered)
Armour
 c - a +2 leather armour
 s - a cursed +0 ring mail (worn)
 u - a +0 pair of boots (worn)
 y - a cursed +0 pair of gloves (worn)
 z - a scarf of repulsion
 A - the +2 cloak of the Thief (worn) {+Fog Slay-2 SInv Stlth+}
   (You bought it in a shop on level 8 of the Dungeon)

   It affects your accuracy and damage with ranged weapons and melee attacks
   (-2).
   It lets you see invisible.
   It makes you more stealthy.
Jewellery
 i - a ring of stealth (left hand)
 m - an uncursed ring of ice
 x - an uncursed amulet of faith
 B - an uncursed amulet of regeneration {unknown}
 C - an amulet of the acrobat (around neck)
Wands
 p - a wand of digging (4)
 D - a wand of paralysis (7)
Scrolls
 o - 2 scrolls of amnesia
 r - 3 scrolls of enchant armour
 v - a scroll of teleportation
Potions
 e - 2 potions of curing {unknown}
 j - a potion of magic {unknown}
 l - a potion of stabbing {unknown}
 n - a potion of degeneration {unknown}
 q - 2 potions of resistance {unknown}
 t - 2 potions of flight {unknown}
 w - a potion of ambrosia {unknown}
Comestibles
 f - 13 rations


   Skills:
 + Level 5.5(5.0) Fighting
 * Level 6.9(6.3) Short Blades
 + Level 9.5(8.9) Bows
 * Level 1.7(1.2) Armour
 + Level 4.3(3.7) Dodging
 * Level 4.2(3.6) Stealth
 + Level 1.7(1.2) Invocations


You had 9 spell levels left.
You didn't know any spells.
Your spell library contained the following spells:

 Spells                   Type           Power        Failure   Level  Hunger
 Animate Skeleton         Necr           N/A          52%         1    ##.....
 Apportation              Tloc           #.....       52%         1    ##.....
 Corona                   Hex            #......      52%         1    ##.....
 Magic Dart               Conj           #...         52%         1    ##.....
 Summon Small Mammal      Summ           #...         52%         1    ##.....
 Blink                    Tloc           N/A          67%         2    ###....
 Call Imp                 Summ           #.......     67%         2    ###....
 Slow                     Hex            #.......     67%         2    ###....
 Conjure Flame            Conj/Fire      #.......     88%         3    ####...
 Mephitic Cloud           Conj/Pois/Air  #.......     88%         3    ####...


Dungeon Overview and Level Annotations

Branches:
Dungeon (9/15)             Temple (0/1) D:7
   Lair: D:8-11         Orc: D:9-12

Altars:
Cheibriados
Elyvilon
Gozag
Hepliaklqana
Kikubaaqudgha
Qazlal
Xom
Zin
The Shining One

Shops:
D:8 *

Annotations:
D:9 Psyche


Message History

The moth of wrath bites you! The moth of wrath barely misses you.
You can move again.
You feel much better. The moth of wrath bites you!
The moth of wrath closely misses you. The moth of wrath misses you.
The moth of wrath bites you but does no damage.
The moth of wrath changes into a guardian serpent!
Okay, then.
A spatial vortex comes into view.
The sun demon completely misses you. The sun demon hits you!
You are engulfed in flames!
* * * LOW HITPOINT WARNING * * *
The sun demon barely misses you.
Found a pair of gloves.
The sun demon hits you but does no damage.
The sun demon misses you. The smoke demon gestures at you.
Something smites you!
You die...

#.....3.##.#.#
.
.##.##.##.S..#
. .. #.#.#.#.#
## ..#. ...
####.#
#x#.......
#.#...# ..
#.#.#.#.#§..###
.
#.....[..#...#
.
v#.#....##3###
..####..3.@.#
#..###### #.#
.. #


You could see a sun demon and a smoke demon.

Vanquished Creatures
  Pikel (D:6)
  A hippogriff (D:6)
  A spriggan (D:8)
  A wyvern (D:6)
  Menkaure (D:7)
  An ice beast (D:8)
  A sky beast (D:5)
  2 slaves
  4 phantoms
  3 ogres
  4 centaurs
  2 big kobolds
  4 wights
  4 howler monkeys
  2 crimson imps
  Crazy Yiuf (D:5)
  3 hounds
  A jelly (D:7)
  2 orc wizards
  A bullfrog skeleton (D:4)
  3 iguanas
  Natasha (thrice) (D:4)
  3 worker ants
  2 hound zombies
  A hound skeleton (D:8)
  A howler monkey zombie (D:5)
  8 adders
  4 gnolls (D:2)
  5 shadow imps
  2 oozes
  An adder skeleton (D:5)
  3 worms
  A dart slug (D:2)
  2 leopard geckos (D:7)
  10 orcs
  5 giant cockroaches
  3 goblins (D:1)
  A hobgoblin (D:2)
  4 jackals (D:1)
  12 kobolds
  3 quokkas
  4 bats (D:1)
  A frilled lizard (D:1)
  A leopard gecko zombie (D:5)
  A quokka skeleton (D:4)
  4 rats
128 creatures vanquished.

Vanquished Creatures (others)
  A slave (D:6)
  A hound (D:6)
  A worker ant (D:8)
  A leopard gecko (D:6)
4 creatures vanquished.

Grand Total: 132 creatures vanquished

Notes
Turn   | Place    | Note
-------+----------+-------------------------------------------
     0 | D:1      | Gabide the Human Hunter began the quest for the Orb.
     0 | D:1      | Reached XP level 1. HP: 16/16 MP: 1/1
   323 | D:1      | Reached XP level 2. HP: 22/22 MP: 2/2
   808 | D:1      | Reached XP level 3. HP: 27/27 MP: 3/3
  1320 | D:2      | Reached skill level 5 in Bows
  1406 | D:2      | Found a snail-covered altar of Cheibriados.
  1583 | D:2      | Reached XP level 4. HP: 18/33 MP: 4/4
  1852 | D:2      | Found an ancient bone altar of Kikubaaqudgha.
  1998 | D:2      | Found a glowing silver altar of Zin.
  1999 | D:2      | Found a stormy altar of Qazlal.
  1999 | D:2      | Found a white marble altar of Elyvilon.
  2001 | D:2      | Became a worshipper of Zin the Law-Giver
  2262 | D:3      | Reached * piety under Zin
  2300 | D:3      | You fall into a shaft and drop 2 floors!
  2300 | D:5      | Entered Level 5 of the Dungeon
  2315 | D:5      | Found a glowing golden altar of the Shining One.
  2420 | D:5      | Reached XP level 5. HP: 39/39 MP: 5/5
  2528 | D:5      | Reached skill level 6 in Bows
  2575 | D:5      | Reached skill level 1 in Short Blades
  2575 | D:5      | Reached XP level 6. HP: 13/46 MP: 6/6
  2954 | D:5      | Reached ** piety under Zin
  2996 | D:4      | Noticed a phantom
  3009 | D:4      | Killed a phantom
  3429 | D:4      | Reached XP level 7. HP: 52/52 MP: 7/7
  4192 | D:4      | Noticed Natasha
  4199 | D:4      | Killed Natasha
  4785 | D:4      | Noticed Natasha
  4794 | D:4      | Killed Natasha
  4827 | D:4      | Noticed Natasha
  4832 | D:4      | Killed Natasha
  5079 | D:5      | Reached *** piety under Zin
  5115 | D:5      | Reached XP level 8. HP: 35/58 MP: 8/8
  5277 | D:5      | Got a masterwork mace
  5289 | D:5      | Found an opulent altar of Gozag.
  5334 | D:5      | Found a runed translucent door.
  5335 | D:5      | Noticed Crazy Yiuf
  5354 | D:5      | Killed Crazy Yiuf
  5857 | D:5      | Reached skill level 7 in Bows
  6025 | D:6      | Reached skill level 5 in Short Blades
  6153 | D:6      | Noticed Pikel
  6309 | D:6      | Killed Pikel
  6309 | D:6      | Reached XP level 9. HP: 38/65 MP: 9/9
  6834 | D:6      | Found a hazy altar of Hepliaklqana.
  7030 | D:7      | Noticed a hippogriff
  7055 | D:6      | Killed a hippogriff
  7055 | D:6      | Reached skill level 8 in Bows
  7218 | D:7      | Reached skill level 1 in Invocations
  7468 | D:7      | Identified the cursed +1 mace of the Orcish Mines {flame,
                  | *Corrode rElec Int+4} (You found it on level 5 of the
                  | Dungeon)
  7468 | D:7      | Noticed Menkaure
  7485 | D:7      | Killed Menkaure
  7638 | D:7      | Reached **** piety under Zin
  7773 | D:7      | Found a staircase to the Ecumenical Temple.
  7842 | D:7      | Reached skill level 5 in Fighting
  8636 | D:8      | Reached skill level 9 in Bows
  8713 | D:8      | Reached XP level 10. HP: 65/74 MP: 11/11
  9187 | D:8      | Found Pelu's Assorted Antiques.
  9196 | D:8      | Reached skill level 1 in Armour
  9380 | D:8      | Found a shimmering altar of Xom.
  9387 | D:8      | Bought the +2 cloak of the Thief {+Fog Slay-2 SInv Stlth+}
                  | for 381 gold pieces
  9387 | D:8      | Found the +2 cloak of the Thief {+Fog Slay-2 SInv Stlth+}
  9634 | D:8      | Found a shimmering altar of Xom.
  9634 | D:8      | Found a shimmering altar of Xom.
  9634 | D:8      | Found a shimmering altar of Xom.
  9634 | D:8      | Found a shimmering altar of Xom.
  9634 | D:8      | Found a shimmering altar of Xom.
  9634 | D:8      | Found a shimmering altar of Xom.
  9814 | D:9      | Noticed Psyche
  9819 | D:9      | Cast into level 1 of the Abyss (Psyche)
  9863 | Abyss:1  | Noticed a sixfirhy
  9965 | Abyss:1  | Noticed a white ugly thing
  9970 | Abyss:1  | Noticed a white ugly thing
  9971 | Abyss:1  | Noticed a white ugly thing
  9971 | Abyss:1  | Noticed a white ugly thing
  9971 | Abyss:1  | Noticed a white very ugly thing
  9973 | Abyss:1  | Noticed a starcursed mass
  9982 | Abyss:1  | Paralysed by accursed screaming for 1 turns
  9991 | Abyss:1  | Noticed a large abomination
 10054 | Abyss:2  | Noticed a worldbinder
 10058 | Abyss:2  | Noticed an eidolon
 10075 | Abyss:2  | Noticed a death drake
 10080 | Abyss:2  | Noticed a moth of wrath
 10089 | Abyss:2  | Noticed a smoke demon
 10089 | Abyss:2  | Noticed a sun demon
 10098 | Abyss:2  | Noticed a guardian serpent
 10098 | Abyss:2  | a moth of wrath changed into a guardian serpent
 10105 | Abyss:2  | Killed from afar by a smoke demon

Illustrated notes

Levels and vault maps discovered:
D:1:      onia_arrival_mini_maze, layout_loops_ring
D:2:      layout_loops_ring, cheibriados_altar_1, kiku_gazebo_pond_becter,
          minitemple
D:3:      layout_loops_corners
D:4:      layout_gridville, uniq_natasha
D:5:      layout_loops_ring, nicolae_gozag_seed_capital, first_ration,
          cheibrodos_sewer_entry_bend, tso_metal_star, uniq_crazy_yiuf_cottage
D:6:      layout_loops_ring, lemuel_doored_altar, uniq_pikel
D:7:      layout_basic, minmay_temple_entry_offerings, dk_noncrumbling_4,
          mrwooster_statue_mirror, uniq_menkaure
D:8:      layout_rooms, serial_shops, nicolae_shop_stone, the_bakery,
          xom_redecorated
D:9:      layout_roguey, nicolae_overflow_crystal_walls, basic_altar,
          serial_glass, glass_columns_a, glass_columns_a,
          minmay_strange_pillars, feat_on_display,
          minmay_guarded_unrand_variability, uniq_psyche
Abyss:2:  base: Sewer, minivault_13

Skill      XL: |  1  2  3  4  5  6  7  8  9 10 |
---------------+-------------------------------+-----
Bows           | 5 6 7 9 |  9.5
Short Blades   | 1 2 4 5 6 |  6.9
Fighting       | 3 4 5 |  5.5
Stealth        | 2 3 4 |  4.2
Dodging        | 3 4 |  4.3
Invocations    | 1 |  1.7
Armour         | 1 |  1.7

Action                   |  1- 3 |  4- 6 |  7- 9 | 10-12 || total
-------------------------+-------+-------+-------+-------++-------
Melee: Short sword       |     9 |    63 |    74 |    37 ||   183
       Rapier            |       |       |    97 |       ||    97
 Fire: Shortbow          |    80 |    64 |   185 |    64 ||   393
Invok: Recite            |       |     1 |     3 |     1 ||     5
       Vitalisation      |       |       |       |     2 ||     2
 Abil: Evoke Fog         |       |       |       |     1 ||     1
  Use: Scroll            |     5 |     1 |    11 |     2 ||    19
       Potion            |       |     1 |     3 |     3 ||     7
 Stab: Sleeping          |       |       |     1 |       ||     1
       Confused          |       |       |     1 |       ||     1
  Eat: Chunk             |     2 |     5 |    10 |     2 ||    19
       Ration            |       |       |     2 |     1 ||     3
Armor: Leather armour    |    13 |    17 |    32 |       ||    62
       Ring mail         |       |       |     4 |    12 ||    16
Dodge: Dodged            |    34 |    37 |    97 |    58 ||   226
       Repelled          |       |       |     8 |     7 ||    15
